 Dungeon Crawl Stone Soup version 0.21-a0-496-g696f58f (webtiles) character file.

535 KristoblXynda the Chucker (level 7, -1/40 HPs)
             Began as a Tengu Hunter on Nov 23, 2017.
             Slain by Prince Ribbit (12 damage)
             ... on level 5 of the Dungeon.
             The game lasted 00:09:33 (4135 turns).

KristoblXynda the Chucker (Tengu Hunter)            Turns: 4135, Time: 00:09:34

Health: -1/40      AC:  5    Str: 13    XL:     7   Next: 25%
Magic:  8/8        EV: 12    Int: 12    God:
Gold:   136        SH:  0    Dex: 15    Spells: 6/6 levels left

rFire    . . .     SeeInvis .   q - +3 short sword (venom)
rCold    . . .     Gourm    .   (no shield)
rNeg     + . .     Faith    .   t - +0 ring mail
rPois    .         Spirit   .   (helmet restricted)
rElec    .         Reflect  .   (no cloak)
rCorr    .         Harm     .   (no gloves)
MR       .....                  (boots unavailable)
Stlth    ++........             (no amulet)
HPRegen  0.13/turn              m - ring of positive energy
MPRegen  0.11/turn              (no ring)

@: no status effects
A: beak, talons 3, able to fly 1
a: Fly


You were on level 5 of the Dungeon.
You were not hungry.

You visited 1 branch of the dungeon, and saw 5 of its levels.

You collected 136 gold pieces.

Inventory:

Hand Weapons
 q - a +3 short sword of venom (weapon)
Missiles
 c - 4 javelins (quivered)
 d - 2 throwing nets
Armour
 r - a +0 buckler
 t - a +0 ring mail (worn)
Jewellery
 g - an uncursed ring of positive energy
 m - a ring of positive energy (left hand)
Wands
 b - a wand of acid (1)
Scrolls
 e - a scroll of fear
 k - 4 scrolls of teleportation
 l - a scroll of enchant weapon {unknown}
 n - 4 scrolls of remove curse
 p - a scroll of blinking
 x - a scroll of magic mapping {unknown}
Potions
 h - 2 potions of cancellation
 o - a potion of curing
 s - 2 potions of heal wounds {unknown}
 w - a potion of ambrosia {unknown}
Books
 u - a book of Misfortune

   Spells                             Type                      Level
   a - Confusing Touch                Hexes                        1
   b - Confuse                        Hexes                        3
   c - Gell's Gravitas                Translocation                3
   d - Petrify                        Transmutation/Earth          4
   e - Metabolic Englaciation         Hexes/Ice                    5
   f - Yara's Violent Unravelling     Hexes/Transmutation          5
 v - a book of Cantrips

   Spells                             Type                      Level
   a - Confusing Touch                Hexes                        1
   b - Animate Skeleton               Necromancy                   1
   c - Summon Small Mammal            Summoning                    1
   d - Apportation                    Translocation                1
Comestibles
 a - a royal jelly
 f - 2 bread rations
 j - 2 meat rations


   Skills:
 - Level 2.0 Fighting
 + Level 5.9 Throwing
 + Level 2.9 Armour
 - Level 4.0 Dodging
 + Level 4.7 Stealth


You had 6 spell levels left.
You didn't know any spells.

Dungeon Overview and Level Annotations

Branches:
Dungeon (4/15)
 Temple: D:4-7

Altars:
Cheibriados
Qazlal
Ru

Annotations:
D:3 KristoblXynda's ghost, amateur TeHu
D:5 Prince Ribbit; Sigmund


Innate Abilities, Weirdness & Mutations

You have a beak for a mouth.
You have claws for feet.
You can fly.


Message History

Prince Ribbit completely misses you. Prince Ribbit hits you.
* * * LOW HITPOINT WARNING * * *
You puncture Prince Ribbit!
Prince Ribbit looks as sick as possible!
You peck Prince Ribbit, but do no damage.
Prince Ribbit is moderately wounded.
Prince Ribbit blinks!
Throwing (i - inventory. (,) - cycle):
c - 6 javelins (quivered)
Press: ? - help, Shift-Dir - straight line, f/p - Prince Ribbit
Aim: Prince Ribbit (moderately wounded, poisoned)
You throw a javelin. The javelin misses Prince Ribbit.
Throwing (i - inventory. (,) - cycle):
c - 5 javelins (quivered)
Press: ? - help, Shift-Dir - straight line, f/p - Prince Ribbit
Aim: Prince Ribbit (heavily wounded, poisoned)
You throw a javelin.
The javelin closely misses Prince Ribbit.
You closely miss Prince Ribbit. You claw Prince Ribbit!
Prince Ribbit is severely wounded.
Prince Ribbit hits you!
You die...

....#.#...))#.#
...o..(..#)#.#
...#.....#(#.#
###(###.#.#
#.......#
#(.#.#..#
#..#....#
#).####.# #@.#
#.# #..
#F.####.# ..#
#.......# #..
### #(.######
#..##.#####.#
#...#.......#
#..#.#######
###....#
#......#


You could see Prince Ribbit.

Vanquished Creatures
  Duvessa (D:4)
  An ogre (D:4)
  Dowan (D:4)
  An orc priest (D:3)
  3 orc wizards
  Ijyb (D:5)
  Robin (D:2)
  5 adders
  An adder zombie (D:5)
  2 worms
  A dart slug (D:2)
  2 leopard geckos
  11 orcs
  4 bats
  3 giant cockroaches
  20 goblins
  6 hobgoblins
  3 quokkas
  A ball python (D:3)
  4 frilled lizards
  3 kobolds
  A quokka skeleton (D:2)
  2 rats (D:3)
78 creatures vanquished.

Vanquished Creatures (others)
  A hound (D:5)
  An orc (D:5)
2 creatures vanquished.

Grand Total: 80 creatures vanquished

Notes
Turn   | Place    | Note
-------+----------+-------------------------------------------
     0 | D:1      | KristoblXynda the Tengu Hunter began the quest for the Orb.
     0 | D:1      | Reached XP level 1. HP: 12/12 MP: 2/2
   134 | D:1      | Reached XP level 2. HP: 7/17 MP: 3/3
   594 | D:2      | Noticed Robin
   684 | D:2      | Reached XP level 3. HP: 15/21 MP: 4/4
  1133 | D:2      | Killed Robin
  1424 | D:2      | Reached XP level 4. HP: 9/26 MP: 5/5
  2297 | D:2      | Found a snail-covered altar of Cheibriados.
  2577 | D:3      | Gained mutation: You can fly. [Tengu growth]
  2577 | D:3      | Reached XP level 5. HP: 29/30 MP: 6/6
  2613 | D:3      | Reached skill level 5 in Throwing
  2776 | D:3      | Noticed KristoblXynda's ghost (amateur TeHu)
  2821 | D:3      | Found a sacrificial altar of Ru.
  2879 | D:3      | Found a stormy altar of Qazlal.
  2903 | D:3      | Found a faded altar of an unknown god.
  3416 | D:4      | Noticed Duvessa
  3422 | D:4      | Noticed Dowan
  3425 | D:4      | Killed Duvessa
  3425 | D:4      | Reached skill level 1 in Armour
  3425 | D:4      | Reached XP level 6. HP: 19/35 MP: 7/7
  3431 | D:4      | Killed Dowan
  3507 | D:4      | Reached XP level 7. HP: 32/40 MP: 8/8
  3537 | D:4      | You fall through a shaft!
  3537 | D:5      | Entered Level 5 of the Dungeon
  3537 | D:5      | Noticed Ijyb
  3538 | D:5      | Noticed Sigmund
  4044 | D:5      | Killed Ijyb
  4111 | D:5      | Noticed Prince Ribbit
  4135 | D:5      | Slain by Prince Ribbit

Vault maps used:
D:1:      tarquinn_simple_flora_water_b, serial_glass, glass_columns_b,
          glass_columns_b
D:2:      nicolae_overflow_hidden_temple, uniq_robin
D:3:      grunt_qazlal_sundering, serial_curves, eino_curves_01, eino_curves_04,
          chequers_ecumenical_altar_simple_redux, nicolae_ru_path_of_blood
D:4:      lemuel_doored_altar, first_bread, kennysheep_generic_room_15,
          uniq_duvessa, uniq_natasha, uniq_blork_the_orc, uniq_eustachio
D:5:      lemuel_flamethrower_2, uniq_ijyb, uniq_sigmund, uniq_prince_ribbit1

Skill      XL: |  1  2  3  4  5  6 |
---------------+-------------------+-----
Stealth        | 2 3 4 |  4.7
Dodging        | 3 4 |  4.0
Throwing       | 5 |  5.9
Armour         | 1 2 |  2.9
Fighting       | |  2.0

Action                   |  1- 3 |  4- 6 |  7- 9 || total
-------------------------+-------+-------+-------++-------
Melee: Short sword       |    73 |   115 |    29 ||   217
       Kick              |    20 |    35 |     7 ||    62
       Peck              |     5 |    17 |     2 ||    24
Throw: Javelin           |     4 |     1 |     2 ||     7
       Throwing net      |     2 |     1 |       ||     3
       Tomahawk          |       |    16 |     8 ||    24
 Abil: Fly               |       |     1 |       ||     1
  Use: Scroll            |     2 |     4 |     5 ||    11
       Potion            |     2 |     3 |       ||     5
 Stab: Sleeping          |     2 |     6 |       ||     8
       Held in net/web   |       |     1 |       ||     1
  Eat: Chunk             |     1 |     5 |       ||     6
       Royal jelly       |       |     1 |       ||     1
       Meat ration       |       |       |     1 ||     1
Armor: Leather armour    |    23 |    20 |       ||    43
       Ring mail         |       |       |    11 ||    11
Dodge: Dodged            |    36 |    65 |    23 ||   124

Table legend:
 A = Spawn XP
 B = Non-spawn XP
 C = Spawn XP percentage of total XP
 D = Spawn monster count
 E = Non-spawn monster count
 F = Spawn count percentage of total count
 G = Total turns spent on level
                    A         B        C        D         E        F      G
               +---------+---------+-------+---------+---------+-------+---------
         Total |       0 |     765 |   0.0 |       0 |      78 |   0.0 |  4135
               +---------+---------+-------+---------+---------+-------+---------
           D:1 |       0 |      21 |   0.0 |       0 |      12 |   0.0 |   957
           D:2 |       0 |     104 |   0.0 |       0 |      29 |   0.0 |  1483
           D:3 |       0 |     135 |   0.0 |       0 |      20 |   0.0 |   649
           D:4 |       0 |     384 |   0.0 |       0 |      10 |   0.0 |   448
           D:5 |       0 |     121 |   0.0 |       0 |       7 |   0.0 |   598
               +---------+---------+-------+---------+---------+-------+---------
